 Dungeon Crawl Stone Soup version 0.22-a0-305-gd21a89c538 (webtiles) character file.

35 Smorgh the Slasher (level 3, 0/29 HPs)
             Began as a Demonspawn Fighter on Apr 1, 2018.
             Slain by a crimson imp (2 damage)
             ... summoned by Natasha
             ... on level 2 of the Dungeon.
             The game lasted 00:01:12 (999 turns).

Smorgh the Slasher (Demonspawn Fighter)              Turns: 999, Time: 00:01:13

Health: 0/29       AC: 11    Str: 16    XL:     3   Next: 16%
Magic:  3/3        EV:  2    Int:  9    God:
Gold:   40         SH:  8    Dex: 13    Spells: 2/2 levels left

rFire    . . .     SeeInvis .   a - +0 long sword
rCold    . . .     Gourm    .   c - +0 shield
rNeg     . . .     Faith    .   j - +0 plate armour
rPois    .         Spirit   .   (no helmet)
rElec    .         Reflect  .   (no cloak)
rCorr    .         Harm     .   (no gloves)
MR       +....                  (no boots)
Stlth    ..........             (no amulet)
HPRegen  0.09/turn              k - ring of protection from magic
MPRegen  0.08/turn              (no ring)

@: flying
A: demonic guardian 2
a: no special abilities


You were on level 2 of the Dungeon.
You were hungry.

You visited 1 branch of the dungeon, and saw 2 of its levels.

You collected 40 gold pieces.

Inventory:

Hand Weapons
 a - a +0 long sword (weapon)
Armour
 b - a +0 scale mail
 c - a +0 shield (worn)
 j - a +0 plate armour (worn)
Jewellery
 k - a ring of protection from magic (left hand)
Scrolls
 e - a scroll of blinking {unknown}
 g - a scroll of teleportation {unknown}
Potions
 d - a potion of might
Comestibles
 f - 5 rations


   Skills:
 - Level 3.0 Fighting
 + Level 3.3 Long Blades
 - Level 2.6 Armour
 - Level 2.6 Shields


You had 2 spell levels left.
You didn't know any spells.

Dungeon Overview and Level Annotations

Branches:
Dungeon (2/15)

Altars:

Annotations:
D:2 Natasha


Innate Abilities, Weirdness & Mutations

A demonic guardian rushes to your aid.


Message History

You block the jackal's attack. Something claws you but does no damage.
You block the crimson imp's attack.
It was a potion of curing.
You feel better. The jackal bites you.
* * * LOW HITPOINT WARNING * * *
The adder bites you but does no damage.
The jackal bites you but does no damage.
Something claws you but does no damage. The crimson imp hits you.
* * * LOW HITPOINT WARNING * * *
The jackal bites you but does no damage. x2
You block the adder's attack.
Your plate armour prevents you from hitting something.
The shadow imp picks up a beetle and eats it.
The jackal bites you but does no damage. x2
The adder bites you.
* * * LOW HITPOINT WARNING * * *
The crimson imp hits you but does no damage.
You block something's attack. You block the jackal's attack.
The jackal barely misses you. You block the adder's attack.
You slash something! The crimson imp hits you.
You die...

###.#.###..#####.#.####
..?.....# #.#.#
...#.###.## #.#.# ....
.. ##.# #.#.# #'##.#.
..$# #.#.# .....#.+...#
#.#.# .....#.#...#
#.#.### ......h{3..#
#.....+ .....KS@#
###.### #+##..5h# #.#
#...5# ##)#### #....#
#######......
#.#.#####.....)..†...
#.......'............
###.#####............
#.# #............ #.#
#............


You could see a crimson imp, an adder, a shadow imp, 2 jackals, a kobold and a
friendly sixfirhy.

Vanquished Creatures
  2 dart slugs (D:1)
  3 bats
  A giant cockroach (D:1)
  4 goblins
  7 hobgoblins
  4 jackals (D:1)
  4 kobolds
  2 rats (D:1)
27 creatures vanquished.

Vanquished Creatures (collateral kills)
  A hobgoblin (D:2)
1 creature vanquished.

Grand Total: 28 creatures vanquished

Notes
Turn   | Place    | Note
-------+----------+-------------------------------------------
     0 | D:1      | Smorgh the Demonspawn Fighter began the quest for the Orb.
     0 | D:1      | Reached XP level 1. HP: 18/18 MP: 1/1
    37 | D:1      | Gained mutation: A weak demonic guardian rushes to your aid. [demonic ancestry]
    37 | D:1      | Reached XP level 2. HP: 16/24 MP: 2/2
   565 | D:1      | Gained mutation: A demonic guardian rushes to your aid. [demonic ancestry]
   565 | D:1      | Reached XP level 3. HP: 16/29 MP: 3/3
   982 | D:2      | Noticed Natasha
   999 | D:2      | Slain by a crimson imp

Vault maps used:
D:1:      scummos_arrival_simple_fountains
D:2:      minmay_ruptured, uniq_natasha, uniq_terence

Skill      XL: |  1  2 |
---------------+-------+-----
Long Blades    | 2 3 |  3.3
Fighting       | |  3.0
Armour         | |  2.6
Shields        | |  2.6

Action                   || total
-------------------------++-------
Melee: Long sword        ||    99
  Use: Potion            ||     2
Armor: Scale mail        ||    47
       Plate armour      ||    47
Dodge: Dodged            ||    23
Block: Shield            ||    67
       Rpst.: Long sword ||     8

Table legend:
 A = Spawn XP
 B = Non-spawn XP
 C = Spawn XP percentage of total XP
 D = Spawn monster count
 E = Non-spawn monster count
 F = Spawn count percentage of total count
 G = Total turns spent on level
                    A         B        C        D         E        F      G
               +---------+---------+-------+---------+---------+-------+---------
         Total |       0 |      50 |   0.0 |       0 |      28 |   0.0 |   999
               +---------+---------+-------+---------+---------+-------+---------
           D:1 |       0 |      42 |   0.0 |       0 |      22 |   0.0 |   878
           D:2 |       0 |       8 |   0.0 |       0 |       6 |   0.0 |   121
               +---------+---------+-------+---------+---------+-------+---------
